MWL (24 & UNDER)
LEE'S SUMMIT TIGERS @ CINCINNATI PRIDE
09/13/2030
 
TOP OF THE 1ST
Lee's Summit Tigers batting - Pitching for Cincinnati Pride : RHP Chet Miller
Pitching: RHP Chet Miller
Batting: RHB José Deleón 0-0: Called Strike
0-1: Ground out 4-3 (Groundball, 4)
Batting: RHB William Flores 0-0: Called Strike
0-1: Ball
1-1: Ball
2-1: Fly out, F7 (Line Drive, 78S)
Batting: LHB Brian Lawson 0-0: DOUBLE (Flyball, 8RXD)
Batting: RHB Tommy Smith 0-0: Called Strike
0-1: Ball
1-1: Foul Ball, location: 2F
1-2: Ball
2-2: Strikes out swinging
Top of the 1st over - 0 runs, 1 hit, 0 errors, 1 left on base; Lee's Summit 0 - Cincinnati 0
BOTTOM OF THE 1ST
Cincinnati Pride batting - Pitching for Lee's Summit Tigers : RHP Christiano Bray
Pitching: RHP Christiano Bray
Batting: LHB Ed Ballard 0-0: SINGLE (Line Drive, 4MD)
Batting: LHB Juan Ortíz 0-0: Swinging Strike
0-1: Ball
1-1: Fly out, F6 (Popup, 6)
Batting: LHB Pablo Garza 0-0: Ball
1-0: Ball
2-0: Called Strike
2-1: Reached on error, E5 (Groundball, 5)
Ed Ballard to second
Batting: LHB Terry Barton 0-0: Ball
Ed Ballard steals 3rd base
1-0: Called Strike
1-1: Called Strike
1-2: Strikes out swinging
Batting: LHB Kevin Hatcher 0-0: Ball
1-0: Ball
2-0: Ball
3-0: Base on Balls
Pablo Garza to second
Batting: RHB Dudley Helms 0-0: Called Strike
0-1: Ball
1-1: Called Strike
1-2: Strikes out looking
Bottom of the 1st over - 0 runs, 1 hit, 1 error, 3 left on base; Lee's Summit 0 - Cincinnati 0
TOP OF THE 2ND
Lee's Summit Tigers batting - Pitching for Cincinnati Pride : RHP Chet Miller
Batting: LHB Víctor Piña 0-0: Called Strike
0-1: Ball
1-1: Ball
2-1: Fly out, F9 (Flyball, 9)
Batting: RHB Juan Rodríguez 0-0: Ball
1-0: Called Strike
1-1: Foul Ball, location: 2F
1-2: Ball
2-2: Strikes out swinging
Batting: LHB António Bonaccorsi 0-0: Ball
1-0: Swinging Strike
1-1: Ball
2-1: Swinging Strike
2-2: Ball
3-2: Strikes out swinging
Top of the 2nd over - 0 runs, 0 hits, 0 errors, 0 left on base; Lee's Summit 0 - Cincinnati 0
BOTTOM OF THE 2ND
Cincinnati Pride batting - Pitching for Lee's Summit Tigers : RHP Christiano Bray
Batting: LHB Al Dooley 0-0: Called Strike
0-1: Ground out U3 (Groundball, 34)
Batting: LHB Gene Cherry 0-0: Foul Ball, location: 2F
0-1: Fly out, F9 (Flyball, 9LD)
Batting: RHB Ed Hines 0-0: Called Strike
0-1: Foul Ball, location: 2F
0-2: Ball
1-2: Strikes out looking
Bottom of the 2nd over - 0 runs, 0 hits, 0 errors, 0 left on base; Lee's Summit 0 - Cincinnati 0
TOP OF THE 3RD
Lee's Summit Tigers batting - Pitching for Cincinnati Pride : RHP Chet Miller
Batting: RHB Josh Martin 0-0: Ball
1-0: Reached on error, E5 (Groundball, 5)
Batting: SHB Enrique Bartoccini 0-0: Ball
1-0: Ball
Passed Ball!
Josh Martin to second
2-0: Ball
3-0: Called Strike
3-1: Fly out, F7 (Flyball, 7)
Batting: RHB José Deleón 0-0: Ball
1-0: SINGLE (Line Drive, 34D)
Josh Martin to third
Batting: RHB William Flores 0-0: Hit by Pitch
José Deleón to second
Batting: LHB Brian Lawson 0-0: Ball
1-0: Foul Ball, location: 2F
1-1: Fielders Choice at 2nd, 4-6 (Groundball, 34)
Josh Martin scores
José Deleón to third
Batting: RHB Tommy Smith 0-0: Ball
1-0: TRIPLE (Line Drive, 9D)
José Deleón scores
Brian Lawson scores
Batting: LHB Víctor Piña 0-0: Ball
1-0: Ball
2-0: Foul Ball, location: 2F
2-1: Foul Ball, location: 2F
2-2: Ball
3-2: SINGLE (Line Drive, 78S)
Tommy Smith scores
Batting: RHB Juan Rodríguez 0-0: Ball
1-0: Swinging Strike
1-1: Ground out 5-3 (Groundball, 56S)
Top of the 3rd over - 4 runs, 3 hits, 1 error, 1 left on base; Lee's Summit 4 - Cincinnati 0
BOTTOM OF THE 3RD
Cincinnati Pride batting - Pitching for Lee's Summit Tigers : RHP Christiano Bray
Batting: LHB Ed Ballard 0-0: Fly out, F3 (Line Drive, 3L)
Batting: LHB Juan Ortíz 0-0: Called Strike
0-1: Ground out 4-3 (Groundball, 4)
Batting: LHB Pablo Garza 0-0: Foul Ball, location: 2F
0-1: Ball
1-1: Fly out, F7 (Flyball, 78D)
Bottom of the 3rd over - 0 runs, 0 hits, 0 errors, 0 left on base; Lee's Summit 4 - Cincinnati 0
TOP OF THE 4TH
Lee's Summit Tigers batting - Pitching for Cincinnati Pride : RHP Chet Miller
Batting: LHB António Bonaccorsi 0-0: Called Strike
0-1: Called Strike
0-2: Strikes out swinging
Batting: RHB Josh Martin 0-0: Foul Ball, location: 2F
0-1: Ball
1-1: Ball
2-1: Foul Ball, location: 2F
2-2: Foul Ball, location: 2F
2-2: DOUBLE (Line Drive, 89D)
Batting: SHB Enrique Bartoccini 0-0: Called Strike
0-1: Swinging Strike
0-2: Ball
1-2: Strikes out swinging
Batting: RHB José Deleón 0-0: Called Strike
0-1: Ball
1-1: SINGLE (Flyball, 9LS)
Josh Martin to third
Runner from 3rd tries for Home, SAFE, no throw
Batting: RHB William Flores 0-0: Ball
1-0: Called Strike
1-1: Fly out, F8 (Flyball, 8RM)
Top of the 4th over - 1 run, 2 hits, 0 errors, 1 left on base; Lee's Summit 5 - Cincinnati 0
BOTTOM OF THE 4TH
Cincinnati Pride batting - Pitching for Lee's Summit Tigers : RHP Christiano Bray
Batting: LHB Terry Barton 0-0: Called Strike
0-1: Ball
1-1: Swinging Strike
1-2: Ball
2-2: Strikes out swinging
Batting: LHB Kevin Hatcher 0-0: Called Strike
0-1: Ball
1-1: Foul Ball, location: 2F
1-2: Ball
2-2: Foul Ball, location: 2F
2-2: Foul Ball, location: 2F
2-2: Strikes out swinging
Batting: RHB Dudley Helms 0-0: Called Strike
0-1: Ground out 3-1 (Groundball, 34S)
Bottom of the 4th over - 0 runs, 0 hits, 0 errors, 0 left on base; Lee's Summit 5 - Cincinnati 0
TOP OF THE 5TH
Lee's Summit Tigers batting - Pitching for Cincinnati Pride : RHP Chet Miller
Batting: LHB Brian Lawson 0-0: Foul Ball, location: 2F
0-1: Ball
1-1: Called Strike
1-2: Strikes out swinging
Batting: RHB Tommy Smith 0-0: Called Strike
0-1: Ball
1-1: Ground out U3 (Groundball, 34)
Batting: LHB Víctor Piña 0-0: Called Strike
0-1: Swinging Strike
0-2: Ball
1-2: Fly out, F9 (Flyball, 9)
Top of the 5th over - 0 runs, 0 hits, 0 errors, 0 left on base; Lee's Summit 5 - Cincinnati 0
BOTTOM OF THE 5TH
Cincinnati Pride batting - Pitching for Lee's Summit Tigers : RHP Christiano Bray
Batting: LHB Al Dooley 0-0: Ball
1-0: Called Strike
1-1: Foul Ball, location: 2F
1-2: Strikes out looking
Batting: LHB Gene Cherry 0-0: Called Strike
0-1: Called Strike
0-2: Foul Ball, location: 2F
0-2: Ball
1-2: Strikes out swinging
Batting: RHB Ed Hines 0-0: Ball
1-0: Ball
2-0: Ball
3-0: Called Strike
3-1: Called Strike
3-2: Base on Balls
Batting: LHB Ed Ballard 0-0: Called Strike
Ed Hines steals 2nd base
0-1: Ball
1-1: Ball
2-1: SINGLE (Line Drive, 89S)
Ed Hines to third
Runner from 3rd tries for Home, SAFE, no throw
Batting: LHB Juan Ortíz 0-0: Called Strike
Ed Ballard is caught stealing 2nd base
Bottom of the 5th over - 1 run, 1 hit, 0 errors, 0 left on base; Lee's Summit 5 - Cincinnati 1
TOP OF THE 6TH
Lee's Summit Tigers batting - Pitching for Cincinnati Pride : RHP Chet Miller
Batting: RHB Juan Rodríguez 0-0: Foul Ball, location: 2F
0-1: Swinging Strike
0-2: Strikes out swinging
Batting: LHB António Bonaccorsi 0-0: Called Strike
0-1: Foul Ball, location: 2F
0-2: Strikes out looking
Batting: RHB Josh Martin 0-0: Ball
1-0: Called Strike
1-1: Ball
2-1: Ball
3-1: Base on Balls
Batting: SHB Enrique Bartoccini 0-0: Called Strike
0-1: Ball
1-1: Swinging Strike
1-2: Ball
2-2: Ball
3-2: Strikes out looking
Top of the 6th over - 0 runs, 0 hits, 0 errors, 1 left on base; Lee's Summit 5 - Cincinnati 1
BOTTOM OF THE 6TH
Cincinnati Pride batting - Pitching for Lee's Summit Tigers : RHP Christiano Bray
Batting: LHB Juan Ortíz 0-0: Called Strike
0-1: Swinging Strike
0-2: SOLO HOME RUN (Flyball, 9D), Distance : 411 ft
Batting: LHB Pablo Garza 0-0: Called Strike
0-1: Ball
1-1: Ball
2-1: Foul Ball, location: 2F
2-2: Foul Ball, location: 2F
2-2: Fly out, F8 (Line Drive, 8LD)
Batting: LHB Terry Barton 0-0: Swinging Strike
0-1: Ball
1-1: Swinging Strike
1-2: Foul Ball, location: 2F
1-2: Fly out, F8 (Flyball, 78D)
Batting: LHB Kevin Hatcher 0-0: Ball
1-0: Called Strike
1-1: Ball
2-1: Foul Ball, location: 2F
2-2: Foul Ball, location: 2F
2-2: Strikes out swinging
Bottom of the 6th over - 1 run, 1 hit, 0 errors, 0 left on base; Lee's Summit 5 - Cincinnati 2
TOP OF THE 7TH
Lee's Summit Tigers batting - Pitching for Cincinnati Pride : RHP Chet Miller
Pitching: LHP Juan Valentín
Batting: RHB José Deleón 0-0: Called Strike
0-1: Foul Ball, location: 2F
0-2: Strikes out swinging
Batting: RHB William Flores 0-0: Ball
1-0: Foul Ball, location: 2F
1-1: Ground out 6-3 (Groundball, 6M)
Batting: LHB Brian Lawson 0-0: Ball
1-0: Ball
2-0: Foul Ball, location: 2F
2-1: Ball
3-1: Base on Balls
Batting: RHB Tommy Smith 0-0: 2-RUN HOME RUN (Flyball, 7D), Distance : 390 ft
Batting: LHB Víctor Piña 0-0: Called Strike
0-1: Fly out, F7 (Flyball, 7S)
Top of the 7th over - 2 runs, 1 hit, 0 errors, 0 left on base; Lee's Summit 7 - Cincinnati 2
BOTTOM OF THE 7TH
Cincinnati Pride batting - Pitching for Lee's Summit Tigers : RHP Christiano Bray
Batting: RHB Dudley Helms 0-0: SINGLE (Line Drive, 8LS)
Batting: LHB Al Dooley 0-0: Ball
1-0: Called Strike
1-1: Foul Ball, location: 2F
1-2: Ball
2-2: Ball
3-2: Foul Ball, location: 2F
3-2: Foul Ball, location: 2F
3-2: SINGLE (Line Drive, 7S)
Dudley Helms to second
Pitching: RHP Francisco Ramírez
Batting: LHB Gene Cherry 0-0: Foul Ball, location: 2F
0-1: Ball
1-1: Grounds into double play, 3-6-4 (Groundball, 34)
Dudley Helms to third
Batting: RHB Ed Hines 0-0: Foul Ball, location: 2F
0-1: Ball
1-1: Foul Ball, location: 2F
1-2: Ball
2-2: Foul Ball, location: 2F
2-2: Fly out, F9 (Flyball, 9)
Bottom of the 7th over - 0 runs, 2 hits, 0 errors, 1 left on base; Lee's Summit 7 - Cincinnati 2
TOP OF THE 8TH
Lee's Summit Tigers batting - Pitching for Cincinnati Pride : LHP Juan Valentín
Batting: RHB Juan Rodríguez 0-0: Ball
1-0: Called Strike
1-1: Foul Ball, location: 2F
1-2: Foul Ball, location: 2F
1-2: Foul Ball, location: 2F
1-2: Ball
2-2: Ball
3-2: Strikes out looking
Batting: LHB António Bonaccorsi 0-0: Ball
1-0: Swinging Strike
1-1: Ball
2-1: Ball
3-1: Called Strike
3-2: Strikes out swinging
Batting: RHB Josh Martin 0-0: Fly out, F9 (Flyball, 9LSF)
Top of the 8th over - 0 runs, 0 hits, 0 errors, 0 left on base; Lee's Summit 7 - Cincinnati 2
BOTTOM OF THE 8TH
Cincinnati Pride batting - Pitching for Lee's Summit Tigers : RHP Francisco Ramírez
Now at C: Gerardo Romero
Now at 2B: Stephen Segura
Batting: LHB Ed Ballard 0-0: Ball
1-0: Called Strike
1-1: Fly out, F7 (Flyball, 78S)
Batting: LHB Juan Ortíz 0-0: Ball
1-0: Ball
2-0: Ground out 6-3 (Groundball, 6)
Batting: LHB Pablo Garza 0-0: Ball
1-0: Ball
2-0: Ball
3-0: Base on Balls
Batting: LHB Terry Barton 0-0: Ball
1-0: Ball
2-0: Foul Ball, location: 2F
2-1: Called Strike
2-2: Strikes out swinging
Bottom of the 8th over - 0 runs, 0 hits, 0 errors, 1 left on base; Lee's Summit 7 - Cincinnati 2
TOP OF THE 9TH
Lee's Summit Tigers batting - Pitching for Cincinnati Pride : LHP Juan Valentín
Batting: SHB Enrique Bartoccini 0-0: Ball
1-0: Ball
2-0: Foul Ball, location: 2F
2-1: Swinging Strike
2-2: Foul Ball, location: 2F
2-2: Strikes out swinging
Batting: RHB José Deleón 0-0: Foul Ball, location: 2F
0-1: Fly out, F8 (Flyball, 89XD)
Batting: RHB William Flores 0-0: Ball
1-0: Ball
2-0: Ball
3-0: Called Strike
3-1: Base on Balls
Batting: LHB Brian Lawson 0-0: Foul Ball, location: 2F
0-1: DOUBLE (Line Drive, 9LM)
William Flores to third
Runner from 3rd tries for Home, SAFE, no throw
Pitching: RHP Harry Cuevas
Batting: RHB Tommy Smith 0-0: Called Strike
0-1: Called Strike
0-2: Ball
1-2: Ball
2-2: SINGLE (Line Drive, 9LS)
Brian Lawson to third
Batting: LHB Víctor Piña 0-0: Ball
1-0: Ball
2-0: DOUBLE (Line Drive, 9LM)
Brian Lawson scores
Tommy Smith to third
Batting: RHB Gerardo Romero 0-0: Swinging Strike
0-1: Fly out, F9 (Flyball, 9LS)
Top of the 9th over - 2 runs, 3 hits, 0 errors, 2 left on base; Lee's Summit 9 - Cincinnati 2
BOTTOM OF THE 9TH
Cincinnati Pride batting - Pitching for Lee's Summit Tigers : RHP Francisco Ramírez
Now in RF: Claudio Jiménez
Batting: LHB Kevin Hatcher 0-0: Called Strike
0-1: Ball
1-1: Swinging Strike
1-2: Ball
2-2: Foul Ball, location: 2F
2-2: Strikes out swinging
Batting: RHB Dudley Helms 0-0: Ball
1-0: Foul Ball, location: 2F
1-1: Ball
2-1: Called Strike
2-2: SINGLE (Groundball, 6M) (infield hit)
Batting: LHB Al Dooley Pickoff Throw to First - Error! E1
Dudley Helms to second
0-0: Ball
1-0: Ground out 1-3 (Groundball, 13)
Dudley Helms to third
Batting: LHB Gene Cherry 0-0: Called Strike
0-1: Swinging Strike
0-2: Strikes out swinging
Bottom of the 9th over - 0 runs, 1 hit, 1 error, 1 left on base; Lee's Summit 9 - Cincinnati 2
Saturday, April 7th, 2018 - OOTP Baseball 18.8 Build 76